 Dungeon Crawl Stone Soup version 0.26-a0-778-g3fe0686644 (webtiles) character file.

Game seed: 604699571972362944

58 robertstho the Vandal (level 4, -1/29 HPs)
             Began as a Halfling Hunter on Nov 10, 2020.
             Slain by a sky beast (6 damage)
             ... on level 2 of the Dungeon.
             The game lasted 00:03:38 (1227 turns).

robertstho the Vandal (Halfling Hunter)             Turns: 1227, Time: 00:03:38

Health: -1/29      AC:  4    Str: 14    XL:     4   Next: 21%
Magic:  4/4        EV: 14    Int:  9    God:
Gold:   75         SH:  0    Dex: 14    Spells: 3/3 levels left

rFire    . . .     SeeInvis +   a - +1 hunting sling
rCold    . . .     Faith    .   (shield restricted)
rNeg     . . .     Spirit   .   c - +0 leather armour
rPois    .         Reflect  .   m - +0 helmet
rElec    .         Harm     .   (no cloak)
rCorr    .         Rampage  .   (no gloves)
MR       .....                  (no boots)
Stlth    +.........             (no amulet)
HPRegen  0.09/turn              l - ring of see invisible
MPRegen  0.09/turn              (no ring)

@: no status effects
A: small, mutation resistance 1
a: no special abilities


You were on level 2 of the Dungeon.
You visited 1 branch of the dungeon, and saw 3 of its levels.

You collected 75 gold pieces.

Inventory:

Hand Weapons
 a - a +1 hunting sling (weapon)
 b - a +0 short sword
 p - a +0 antimagic whip
Missiles
 d - 6 sling bullets (quivered)
 i - 55 stones
Armour
 c - a +0 leather armour (worn)
 m - a +0 helmet (worn)
Jewellery
 l - a ring of see invisible (left hand)
Scrolls
 g - 2 scrolls of remove curse
 h - 2 scrolls of teleportation {unknown}
 j - a scroll of fog
 o - a scroll of identify
Potions
 f - 2 potions of lignification {unknown}
 k - a potion of ambrosia
 n - a potion of invisibility


   Skills:
 + Level 1.9 Fighting
   Level 0.1 Long Blades
 + Level 7.7 Slings
 + Level 0.4(3.2) Throwing
 + Level 0.1 Armour
 + Level 2.2 Dodging
 + Level 1.1 Stealth


You had 3 spell levels left.
You didn't know any spells.
Your spell library contained the following spells:

 Spells                   Type           Power        Failure   Level
 Animate Skeleton         Necr           #.....       45%         1
 Apportation              Tloc           #.....       45%         1
 Corona                   Hex            #......      45%         1
 Summon Small Mammal      Summ           #...         45%         1


Dungeon Overview and Level Annotations

Branches:
Dungeon (3/15)

Altars:


Innate Abilities, Weirdness & Mutations

You are small and have problems with some larger weapons.
You are somewhat resistant to further mutation.


Message History

Aim: a sky beast (severely wounded, slightly transparent)
You shoot a sling bullet. The sling bullet hits the sky beast.
The sky beast is almost dead.
Unknown command.
Firing (i - inventory. (/) - cycle)
d - 8 sling bullets (quivered)
Press: ? - help, Shift-Dir - straight line, f/p - sky beast
Aim: a sky beast (almost dead, slightly transparent)
You shoot a sling bullet.
The sling bullet completely misses the sky beast.
The sky beast hits you. The sky beast shocks you.
* * * LOW HITPOINT WARNING * * *
Firing (i - inventory. (/) - cycle)
d - 7 sling bullets (quivered)
Press: ? - help, Shift-Dir - straight line, f/p - sky beast
Aim: a sky beast (almost dead, slightly transparent)
You shoot a sling bullet.
The sling bullet closely misses the sky beast.
The sky beast hits you.
* * * LOW HITPOINT WARNING * * *
The sky beast shocks you.
You die...

### #####.# #.....# #.###.#
#.#...# #.#.########## #####
#.#.##........ # #...#
#######.#.##........ #
#.#.###(Y@.##.#.##)....... #
#.......##.##....'........ #
###.#.....)##.####........ #
#......#.........'........
########.#........##..###........
#....#..<.............# ##+#'####
'....+.#.....#.#...#..####.....#
#....#.#.#.....#<#.#..#....#.#.#
##.....#.####.##.####......#.#.#


You could see a sky beast (invisible).

Vanquished Creatures
  2 adders (D:2)
  2 oozes
  2 worms (D:2)
  A dart slug (D:2)
  A leopard gecko (D:2)
  A ball python (D:1)
  4 bats (D:2)
  4 giant cockroaches (D:2)
  2 goblins
  A hobgoblin (D:2)
  3 frilled lizards (D:2)
  2 rats
25 creatures vanquished.

Notes
Turn   | Place    | Note
-------+----------+-------------------------------------------
     0 | D:1      | robertstho the Halfling Hunter began the quest for the Orb.
     0 | D:1      | Reached XP level 1. HP: 14/14 MP: 1/1
    32 | D:1      | Reached skill level 6 in Slings
    59 | D:1      | Reached XP level 2. HP: 19/19 MP: 2/2
   131 | D:1      | You fall into a shaft and drop 1 floor!
   161 | D:2      | Reached XP level 3. HP: 24/24 MP: 3/3
   173 | D:2      | Reached skill level 7 in Slings
   578 | D:2      | Reached XP level 4. HP: 25/29 MP: 4/4
  1112 | D:3      | Noticed a sky beast
  1227 | D:2      | Slain by a sky beast

Illustrated notes

Levels and vault maps discovered:
D:1:      dpeg_arrival_erosion, layout_rooms, hangedman_decor_slide_cut
D:2:      layout_basic, minmay_heptomino_d4
D:3:      layout_basic, grunt_ministairs_13, chequers_mini_garden, minivault_5

Skill      XL: |  1  2  3 |
---------------+----------+-----
Slings         | 6 7 |  7.7
Fighting       | |  1.9
Long Blades    | |  0.1
Throwing       | |  0.4
Armour         | |  0.1
Dodging        | |  2.2
Stealth        | |  1.1

Action                   |  1- 3 |  4- 6 || total
-------------------------+-------+-------++-------
Melee: Falchion          |    12 |     2 ||    14
       Short sword       |       |    36 ||    36
 Fire: Hunting sling     |    41 |    12 ||    53
Throw: Stone             |    18 |       ||    18
  Use: Scroll            |     4 |     1 ||     5
       Potion            |       |     1 ||     1
Armor: Leather armour    |     3 |    14 ||    17
Dodge: Dodged            |    20 |    36 ||    56
       Rpst.: Falchion   |     9 |     1 ||    10

Table legend: (Time is in decaauts)
 A = Elapsed time spent in this place.
 B = Non-inter-level travel time spent in this place.
 C = Inter-level travel time spent in this place.
 D = Time resting spent in this place.
 E = Time spent auto-exploring this place.
 F = Levels seen in this place.
 G = Mean time per level.
                   A        B        C        D        E       F      G
               +--------+--------+--------+--------+--------+-----+--------+
         Total |   1224 |   1213 |     11 |      0 |    888 |   3 |  408.0 |
       Dungeon |   1224 |   1213 |     11 |      0 |    888 |   3 |  408.0 |
               +--------+--------+--------+--------+--------+-----+--------+

Top non-repeatable levels by time:
     D:2: 940 daAuts
     D:3: 153 daAuts
     D:1: 130 daAuts
